 Dungeon Crawl Stone Soup version 0.31-a0-233-g139696dc86 (webtiles) character file.

Game seed: 649324068363173736

74 qw the Shooter (level 4, -2/36 HPs)
             Began as a Minotaur Hexslinger on July 7, 2023.
             Slain by Sigmund
             ... wielding a +0 scythe
              (12 damage)
             ... on level 3 of the Dungeon.
             The game lasted 00:00:44 (1392 turns).

qw the Shooter (Minotaur Hexslinger)                Turns: 1392, Time: 00:00:45

Health: -2/36      AC:  3    Str: 19    XL:     4   Next: 9%
Magic:  4/4        EV: 12    Int: 10    God:
Gold:   140        SH:  0    Dex: 14    Spells: 4/5 levels left

rFire   . . .        Y - +2 sling
rCold   + . .        (no shield)
rNeg    . . .        c - +1 robe of the Sneaky Allies {rC+ rCorr}
rPois   .            (helmet restricted)
rElec   .            (no cloak)
rCorr   +            (no gloves)
SInv    .            (no boots)
Will    .....        (no amulet)
Stlth   +            e - +6 ring of strength
HPRegen 0.26/turn    (no ring)
MPRegen 0.09/turn

%: no passive effects
@: no status effects
A: horns 2, retaliatory headbutt
a: no special abilities


You were on level 3 of the Dungeon.
You visited 1 branch of the dungeon, and saw 3 of its levels.

You collected 140 gold pieces.


Innate Abilities, Weirdness & Mutations

You have a pair of horns on your head.
You reflexively headbutt those who attack you in melee.


   Skills:
 - Level 2.0 Fighting
 + Level 4.6 Ranged Weapons
 - Level 2.1 Dodging
 - Level 1.0 Spellcasting
 - Level 2.0 Hexes


You had 4 spell levels left.
You knew the following spells:

 Your Spells              Type           Power      Damage    Failure   Level
a - Slow                  Hex            16%        N/A       16%         1

Your spell library contained the following spells:

 Spells                   Type           Power      Damage    Failure   Level
 Inner Flame              Hex/Fire       2%         N/A       56%         3
 Portal Projectile        Hex/Tloc       4%         N/A       56%         3
 Cause Fear               Hex            2%         N/A       83%         4

Inventory:

Hand Weapons
 Y - a +2 sling (weapon)
Armour
 c - the +1 robe of the Sneaky Allies (worn) {rC+ rCorr}
   (You found it on level 2 of the Dungeon)

   rC:        It protects you from cold.
   rCorr:     It protects you from acid and corrosion.
 h - a +0 ring mail
Jewellery
 e - a +6 ring of strength (left hand)
Scrolls
 a - 3 scrolls of identify
 b - a scroll of revelation {unknown}
Potions
 f - a potion of might
 i - 2 potions of curing

Dungeon Overview and Level Annotations

Branches:
Dungeon (3/15)

Altars:
Trog

Annotations:
D:3 Sigmund


Message History

You shoot a sling bullet. The sling bullet hits the ball python.
You kill the ball python!
You hear a shout!
You now have 128 gold pieces (gained 12).
A kobold comes into view. It is wielding a +0 whip.
You shoot a sling bullet.
The sling bullet hits the kobold but does no damage.
You shoot a sling bullet. The sling bullet hits the kobold!
You kill the kobold!
You see here a +0 whip.
You now have 140 gold pieces (gained 12).
Sigmund and a ball python come into view.
Sigmund shouts!
Enter note: You shoot a sling bullet.
The ball python hisses angrily.
The sling bullet hits Sigmund.
Sigmund is lightly wounded.
You shoot a sling bullet. The sling bullet hits Sigmund.
Sigmund is moderately wounded.
You shoot a sling bullet.
The sling bullet closely misses Sigmund.
The sling bullet barely misses the ball python.
Sigmund hits you from afar with a +0 scythe!
You shoot a sling bullet. The sling bullet barely misses Sigmund.
The sling bullet hits the ball python.
You kill the ball python!
You shoot a sling bullet. The sling bullet barely misses Sigmund.
Sigmund casts a spell at you. The magic dart hits you.
You shoot a sling bullet. The sling bullet hits Sigmund.
Sigmund is heavily wounded.
Sigmund closely misses you.
You shoot a sling bullet. The sling bullet hits Sigmund.
Sigmund is severely wounded.
Sigmund hits you from afar with a +0 scythe!
You shoot a sling bullet. The sling bullet hits Sigmund.
Sigmund is almost dead.
Sigmund hits you from afar with a +0 scythe!
You die...

#.###..## #.## .... ...#
##.. ...# .#.# ...#
####..#.#..# ...#
#.......#..# ###
..)###.##....... ....
........##.....####.....
.............# #@.@%....
........#.#..# #.##.....
...###.......###.# ...
...# #.##........# #
...# #.##.##.##.## ...#
#.##.##.##.# ...#
#.......##.. #.#
####.##.##..# #........#


You could see Sigmund.

Vanquished Creatures
  2 adders
  2 dart slugs
  3 orcs (D:3)
  An endoplasm (D:1)
  3 giant cockroaches
  6 goblins
  5 hobgoblins
  A jackal (D:3)
  A quokka (D:3)
  7 ball pythons
  7 bats
  3 frilled lizards
  3 kobolds
  4 rats
48 creatures vanquished.

Notes
Turn   | Place    | Note
-------+----------+-------------------------------------------
     0 | D:1      | qw the Minotaur Hexslinger began the quest for the Orb.
     0 | D:1      | Reached XP level 1. HP: 16/16 MP: 1/1
     0 | D:1      | 0 ||| qw: Version: 0.3-a-46-gb1f654a
     0 | D:1      | 0 ||| qw: Game counter: 3315
     0 | D:1      | 0 ||| qw: Melee chars always use a shield: true
     0 | D:1      | 0 ||| qw: God list: Okawaru
     0 | D:1      | 0 ||| qw: Allow faded altars: false
     0 | D:1      | 0 ||| qw: Do Orc after clearing Dungeon:15 true
     0 | D:1      | 0 ||| qw: Do second Lair branch before Depths: true
     0 | D:1      | 0 ||| qw: Lair rune preference: random
     0 | D:1      | 0 ||| qw: Goals: Normal
     0 | D:1      | 0 ||| PLANNING D:1-11
    93 | D:1      | Reached skill level 3 in Ranged Weapons
    94 | D:1      | 94 ||| FLEEEEING.
    96 | D:1      | 96 ||| FLEEEEING.
    98 | D:1      | 98 ||| FLEEEEING.
   106 | D:1      | 106 ||| FLEEEEING.
   147 | D:1      | Reached XP level 2. HP: 23/23 MP: 2/2
   591 | D:1      | 591 ||| UPGRADING to +0 leather armour.
   601 | D:1      | 601 ||| DROPPING +0 robe.
   602 | D:1      | 602 ||| UPGRADING to +6 ring of strength.
   603 | D:1      | 603 ||| READING 2 scrolls labelled LUTHUS RAMYPP.
   604 | D:1      | 604 ||| READING scroll labelled UMIRGH ICIR.
   609 | D:1      | 609 ||| DROPPING scroll of poison.
   697 | D:2      | Reached XP level 3. HP: 29/29 MP: 3/3
   941 | D:2      | Reached skill level 4 in Ranged Weapons
   951 | D:2      | Identified the +1 robe of the Sneaky Allies {rC+ rCorr}
   969 | D:2      | Found a bloodstained altar of Trog.
  1060 | D:2      | 1060 ||| UPGRADING to +1 robe of the Sneaky Allies {rC+
                  | rCorr}.
  1070 | D:2      | 1070 ||| DROPPING +0 leather armour.
  1071 | D:2      | 1071 ||| READING scroll labelled DEUT TI WO UTO.
  1072 | D:2      | 1072 ||| READING scroll labelled YTYGEO LAONEA.
  1073 | D:2      | 1073 ||| DRINKING 2 smoky green potions.
  1074 | D:2      | 1074 ||| READING 4 scrolls of identify.
  1074 | D:2      | 1074 ||| IDENTIFYING brown potion
  1246 | D:3      | 1246 ||| FLEEEEING.
  1247 | D:3      | 1247 ||| FLEEEEING.
  1248 | D:3      | 1248 ||| FLEEEEING.
  1249 | D:3      | 1249 ||| FLEEEEING.
  1250 | D:3      | 1250 ||| FLEEEEING.
  1251 | D:3      | 1251 ||| FLEEEEING.
  1252 | D:3      | 1252 ||| FLEEEEING.
  1253 | D:3      | 1253 ||| FLEEEEING.
  1254 | D:3      | 1254 ||| FLEEEEING.
  1255 | D:3      | 1255 ||| FLEEEEING.
  1256 | D:3      | 1256 ||| FLEEEEING.
  1257 | D:3      | 1257 ||| FLEEEEING.
  1258 | D:3      | 1258 ||| FLEEEEING.
  1259 | D:3      | 1259 ||| FLEEEEING.
  1260 | D:3      | 1260 ||| FLEEEEING.
  1261 | D:3      | 1261 ||| FLEEEEING.
  1262 | D:3      | 1262 ||| FLEEEEING.
  1269 | D:3      | Reached XP level 4. HP: 24/36 MP: 4/4
  1384 | D:3      | Noticed Sigmund
  1392 | D:3      | Slain by Sigmund

Levels and vault maps discovered:
D:1:      mrwooster_arrival_statue, layout_rooms
D:2:      layout_basic, serial_curves, eino_curves_02, eino_curves_04,
          basic_altar
D:3:      layout_loops_cross, mainiacjoe_overflow_concentric_impassable,
          serial_bayou_pond_b, uniq_sigmund

Skill      XL: |  1  2  3 |
---------------+----------+-----
Ranged Weapons | 3 4 |  4.6
Fighting       | 2 |  2.0
Dodging        | |  2.1
Spellcasting   | |  1.0
Hexes          | |  2.0

Action                     |  1- 3 |  4- 6 || total
---------------------------+-------+-------++-------
   Fire: Sling             |   139 |    18 ||   157
    Use: Scroll            |     5 |       ||     5
         Potion            |     1 |       ||     1
 Armour: Robe              |     9 |       ||     9
         Leather armour    |     4 |       ||     4
  Dodge: Dodged            |    40 |     2 ||    42

Table legend:
 A = Non-vault XP
 B = Vault XP
 C = Vault XP percentage of total XP
 D = Non-vault monster count
 E = Vault monster count
 F = Vault count percentage of total count
                 A         B        C        D         E       F
            +---------+---------+-------+---------+---------+-------
      Total |      86 |      20 |  18.9 |      43 |       5 |  10.4
            +---------+---------+-------+---------+---------+-------
        D:1 |      32 |       0 |   0.0 |      20 |       0 |   0.0
        D:2 |      35 |       0 |   0.0 |      14 |       0 |   0.0
        D:3 |      19 |      20 |  51.3 |       9 |       5 |  35.7
            +---------+---------+-------+---------+---------+-------
